Map: Kairos Junction LE

Players

Astrea

  • Race: Protoss Protoss
  • League: Grandmaster
  • Spawn Location: 11:00

SpeCial - Winner!

  • Race: Terran Terran
  • Spawn Location: 5:00

Event: Cheeseadelphia 8

VOD

Have the link to the VOD?

Description

Time

  • Played on: Dec. 9, 2018, 2:26 p.m.
  • Length: 6:24

All games in this series

Show
View Real Time Build Order
Export as new Build Order

Astrea Protoss 

Build Orders: Oracle Opening 

Get SALT Encoding   

  12  0:00  Probe  
  13  0:12  Probe  
  14  0:18  Pylon  
  14  0:24  Probe  
  15  0:33  Probe  
  15  0:38  Gateway  
  15  0:41  Probe  
  16  0:47  Assimilator  
  17  0:51  Probe  
  18  1:03  Probe  
  19  1:15  Probe  
  20  1:19  Assimilator  
  20  1:20  Pylon  
  20  1:26  Cybernetics Core  
  20  1:28  Probe  
  23  1:38  Probe  
  21  1:46  Probe  
  23  1:54  Probe  
  24  2:01  Adept  
  24  2:05  Nexus  
  24  2:06  Probe  
  26  2:16  Warp Gate  
  26  2:18  Probe  
  27  2:27  Pylon  
  27  2:30  Probe  
  27  2:31  Stalker  
  29  2:43  Probe  
  30  2:52  Stargate  
  30  2:55  Probe  
  31  3:05  Pylon  
  31  3:16  Adept, Probe  
  31  3:18  Probe  
  35  3:26  Probe  
  35  3:27  Probe  
  35  3:30  Gateway x2  
  37  3:34  Probe  
  37  3:35  Probe  
  39  3:43  Oracle  
  40  3:48  Probe  
  40  3:49  Probe  
  39  4:00  Probe x2  
  39  4:08  Probe  
  37  4:12  Probe  
  37  4:16  Probe, Phoenix  
  39  4:24  Adept  
  44  4:25  Probe  
  44  4:27  Probe, Pylon  
  44  4:29  Adept x2  
  50  4:37  Probe  
  51  4:39  Probe  
  51  4:40  Phoenix  
  54  4:49  Probe  
  52  4:57  Probe  
  52  4:58  Oracle  
  52  5:00  Adept  
  52  5:01  Adept  
  52  5:03  Adept  
  59  5:13  Probe, Pylon  
  61  5:15  Probe  
  62  5:26  Pylon  
  62  5:27  Adept  
  62  5:34  Pylon  
  62  5:38  Probe  
  61  5:43  Phoenix  
  58  5:50  Adept  
  58  5:51  Adept x2  
  58  5:56  Probe  
Show
View Real Time Build Order
Export as new Build Order

SpeCial Terran - Winner!

Build Orders: Cyclone Opening 

Get SALT Encoding   

  12  0:00  SCV  
  13  0:13  SCV  
  14  0:17  Supply Depot  
  14  0:25  SCV  
  15  0:39  Barracks, SCV  
  16  0:45  Refinery  
  16  0:51  SCV  
  16  0:55  Refinery  
  17  1:03  SCV  
  18  1:15  SCV  
  19  1:27  Reaper  
  19  1:28  Orbital Command  
  20  1:34  Supply Depot  
  20  1:44  Factory  
  20  1:54  SCV  
  21  2:06  SCV  
  22  2:17  Barracks Reactor  
  22  2:18  SCV  
  23  2:24  Command Center  
  23  2:29  Factory Tech Lab  
  23  2:30  SCV  
  24  2:42  Starport, SCV  
  25  2:48  Cyclone  
  28  2:53  Marine x2  
  30  2:59  Supply Depot  
  30  3:02  SCV  
  31  3:21  Marine x2, SCV  
  31  3:26  Factory Tech Lab  
  34  3:27  Cloaking Field  
  34  3:29  Banshee  
  37  3:35  SCV  
  37  3:39  Orbital Command  
  38  3:43  Marine x2  
  40  3:51  Siege Tank  
  40  3:54  SCV  
  44  4:02  Marine x2  
  44  4:06  SCV  
  44  4:07  SCV  
  44  4:16  Supply Depot, Banshee  
  47  4:18  SCV  
  47  4:19  SCV  
  47  4:20  Marine x2  
  51  4:29  Supply Depot  
  51  4:32  SCV  
  51  4:34  SCV  
  51  4:37  Siege Tank  
  56  4:38  Supply Depot  
  56  4:39  Marine x2  
  56  4:44  SCV  
  59  4:46  SCV  
  60  4:56  SCV  
  60  4:58  SCV, Banshee  
  62  5:08  SCV  
  62  5:09  Marine  
  62  5:10  Marine, SCV  
  62  5:12  Supply Depot  
  66  5:16  Siege Tank  
  66  5:20  SCV  
  70  5:22  SCV  
  71  5:32  SCV  
  71  5:34  Barracks, Marine x2, SCV  
  75  5:35  Barracks  
  75  5:38  Supply Depot  
  75  5:44  SCV  
  75  5:46  SCV  
  75  5:48  Siege Tank  
  77  5:53  Marine x2  
  75  5:57  SCV  
Tags
 
Add a new tag
Caveats
  • Supply blocks, unpowered buildings, or Contaminate may cause inaccurate times.
  • Supply counts are checked every 10 seconds.